 Dungeon Crawl Stone Soup version 0.20.1-1-g8b1a95d (webtiles) character file.

53 MovingMist the Distorting Demonspawn (level 3, -5/29 HPs)
             Began as a Demonspawn Abyssal Knight on Nov 19, 2017.
             Was a Believer of Lugonu.
             Slain by a gnoll
             ... wielding a +0 whip
              (7 damage)
             ... on level 2 of the Dungeon.
             The game lasted 00:02:20 (944 turns).

MovingMist the Distorting Demonspawn (DsAK)          Turns: 944, Time: 00:02:21

Health: -5/29      AC:  4    Str: 12    XL:     3   Next: 62%
Magic:  5/5        EV: 11    Int: 13    God:    Lugonu [**....]
Gold:   59         SH:  0    Dex: 13    Spells: 2/2 levels left

rFire    . . .     SeeInvis .   a - +1 mace
rCold    . . .     Gourm    .   (no shield)
rNeg     . . .     Faith    .   b - +0 leather armour
rPois    .         Spirit   .   (helmet restricted)
rElec    .         Reflect  .   (no cloak)
rCorr    .         Harm     .   f - +0 pair of gloves (curse)
MR       .....                  (no boots)
Stlth    +.........             (no amulet)
Regen    0.1/turn               (no ring)
MPRegen  0.1/turn               (no ring)

@: no status effects
A: antennae 1, powered by pain 1
a: Depart the Abyss, Bend Space, Renounce Religion


You were on level 2 of the Dungeon.
You worshipped Lugonu.
Lugonu was pleased with you.
You were not hungry.

You visited 1 branch of the dungeon, and saw 2 of its levels.
You visited the Abyss 1 time.

You collected 59 gold pieces.

Inventory:

Hand Weapons
 a - a +1 mace (weapon)
Armour
 b - a +0 leather armour (worn)
 f - a cursed +0 pair of gloves (worn)
Jewellery
 i - an uncursed amulet of rage {unknown}
Scrolls
 d - 2 scrolls of identify {unknown}
 g - a scroll of noise {unknown}
 k - a scroll of fear {unknown}
Potions
 e - a potion of heal wounds {unknown}
 j - a potion of degeneration {unknown}
 l - a potion of haste {unknown}
Comestibles
 c - 2 bread rations
 h - 12 chunks of flesh
 m - a royal jelly


   Skills:
 + Level 3.3 Fighting
 + Level 2.3 Maces & Flails
 - Level 1.7 Armour
 + Level 1.6 Dodging
 * Level 3.6 Invocations


You had 2 spell levels left.
You didn't know any spells.

Dungeon Overview and Level Annotations

Branches:
Dungeon (2/15)

Altars:


Innate Abilities, Weirdness & Mutations

You have a pair of small antennae on your head.
You sometimes gain a little power by taking damage.


Message History

* * * LOW HITPOINT WARNING * * *
The gnoll misses you.
You closely miss the gnoll.
The gnoll is moderately wounded.
The gnoll hits you with a whip.
* * * LOW HITPOINT WARNING * * *
You closely miss the gnoll.
The gnoll is moderately wounded.
The gnoll barely misses you.
You thump the gnoll!
The gnoll is almost dead.
The gnoll closely misses you.
You barely miss the gnoll.
The gnoll is almost dead.
The gnoll hits you but does no damage. The gnoll barely misses you.
You barely miss the gnoll.
The gnoll is severely wounded.
You feel a little less agile now. The gnoll hits you with a whip!
You die...

#.# ### #.# ..# #.# #.#
###.# #.# ..#.# #.#
#.#.# #.# #.#.# ##.##
#.#.# ##.#.##
#@#.#####.###.####
#g#......## ##....
#######.#######.###.####
......$...g......#.##
.......##########.##
####### ###


You could see a gnoll.

Vanquished Creatures
  2 gnolls (D:2)
  3 dart slugs (D:1)
  A leopard gecko (D:1)
  3 bats
  3 goblins
  5 hobgoblins
  A kobold (D:1)
  3 frilled lizards (D:1)
  7 rats
28 creatures vanquished.

Notes
Turn   | Place    | Note
-------+----------+-------------------------------------------
     0 | Abyss:1  | MovingMist the Demonspawn Abyssal Knight began the quest for the Orb.
     0 | Abyss:1  | Reached XP level 1. HP: 18/18 MP: 2/2
    22 | D:1      | Escaped the Abyss
    79 | D:1      | Reached skill level 1 in Dodging
   221 | D:1      | Gained mutation: You sometimes gain a little power by taking damage. [demonic ancestry]
   221 | D:1      | Reached XP level 2. HP: 20/24 MP: 4/4
   756 | D:1      | Reached ** piety under Lugonu
   756 | D:1      | Gained mutation: You have a pair of small antennae on your head. [demonic ancestry]
   756 | D:1      | Reached XP level 3. HP: 22/29 MP: 5/5
   940 | D:2      | HP: 1/29 [gnoll/whip (2)]
   944 | D:2      | Slain by a gnoll

Skill      XL: |  1  2 |
---------------+-------+-----
Dodging        | 1 |  1.6
Maces & Flails | 2 |  2.3
Invocations    | 3 |  3.6
Fighting       | |  3.3
Armour         | |  1.7

Action                   || total
-------------------------++-------
Melee: Mace              ||    91
Invok: Bend Space        ||     1
Armor: Leather armour    ||    15
Dodge: Dodged            ||    64
